 Dungeon Crawl Stone Soup version 0.30.1-4-g462c640d31 (webtiles) character file.

Game seed: 6257350859356877210

3158 HagarQim the Spear-Bearer (level 9, -15/84 HPs)
             Began as a Minotaur Monk on Sept 13, 2023.
             Demolished by Joseph
             ... wielding a +1 quarterstaff of pain
              (21 damage)
             ... on level 8 of the Dungeon.
             The game lasted 00:19:16 (6080 turns).

HagarQim the Spear-Bearer (Minotaur Monk)           Turns: 6080, Time: 00:19:17

Health: -15/84     AC:  3    Str: 19    XL:     9   Next: 62%
Magic:  8/8        EV: 16    Int: 13    God:
Gold:   400        SH:  0    Dex: 19    Spells: 8/8 levels left

rFire   + . .        i - +0 trident (flame)
rCold   + . .        d - orb {light}
rNeg    . . .        q - +0 leather armour of Devotion {rC+ Dex+5}
rPois   .            (helmet restricted)
rElec   .            (no cloak)
rCorr   .            (no gloves)
SInv    .            (no boots)
Will    .....        D - amulet of faith
Stlth   +            k - +6 ring of intelligence
HPRegen 0.34/turn    y - ring of protection from fire
MPRegen 0.11/turn

%: faith
@: glowing
A: horns 2, retaliatory headbutt
a: no special abilities


You were on level 8 of the Dungeon.
You visited 2 branches of the dungeon, and saw 9 of its levels.

You collected 400 gold pieces.

Inventory:

Hand Weapons
 f - a +5 scimitar
 i - a +0 trident of flaming (weapon)
 n - a +2 dagger of draining
 r - a +0 whip of venom
 B - a +2 dagger of venom
Missiles
 g - 22 poisoned darts (quivered)
Armour
 a - a +1 ring mail
 d - an orb of light (worn)
 q - the +0 leather armour of Devotion (worn) {rC+ Dex+5}
   (You found it on level 2 of the Dungeon)

   Dex:       It affects your dexterity (+5).
   rC:        It protects you from cold.
Jewellery
 k - a +6 ring of intelligence (left hand)
 p - a ring of fire
 y - a ring of protection from fire (right hand)
 D - an amulet of faith (around neck)
Wands
 t - a wand of iceblast (9)
 C - a wand of quicksilver (11)
 F - a wand of charming (15)
Scrolls
 j - 6 scrolls of teleportation
 l - a scroll of enchant weapon
 m - 2 scrolls of vulnerability
 s - a scroll of enchant armour
 G - a scroll of fear
Potions
 b - 3 potions of lignification
 c - 2 potions of ambrosia
 e - 3 potions of heal wounds
 h - 4 potions of curing
 o - 3 potions of flight
 u - a potion of resistance
 w - 2 potions of attraction {unknown}
 x - 2 potions of berserk rage {unknown}
 z - 2 potions of might {unknown}
 H - a potion of haste


   Skills:
 * Level 9.5 Fighting
 + Level 11.3 Polearms
 + Level 4.8 Armour
 * Level 6.7 Dodging
 + Level 1.5 Stealth


You had 8 spell levels left.
You didn't know any spells.
Your spell library contained the following spells:

 Spells                   Type           Power      Damage    Failure   Level
 Summon Small Mammal      Summ           0%         N/A       34%         1
 Blink                    Tloc           0%         N/A       47%         2
 Lesser Beckoning         Tloc           0%         N/A       47%         2
 Momentum Strike          Conj/Tloc      0%         3d8       47%         2
 Call Canine Familiar     Summ           0%         N/A       71%         3
 Summon Guardian Golem    Hex/Summ       0%         N/A       71%         3


Dungeon Overview and Level Annotations

Branches:
Dungeon (8/15)             Temple (1/1) D:4
   Lair: D:8-11

Altars:
Ashenzari
Cheibriados
Dithmenos
Hepliaklqana
Kikubaaqudgha
Nemelex Xobeh
Qazlal
Trog
Uskayaw
Vehumet
Xom
Yredelemnul
The Shining One

Annotations:
D:8 Joseph


Innate Abilities, Weirdness & Mutations

You have a pair of horns on your head.
You reflexively headbutt those who attack you in melee.


Message History

The two-headed ogre misses you.
The two-headed ogre hits you with a +0 giant club!
You hit the two-headed ogre. You burn the two-headed ogre.
The two-headed ogre is heavily wounded.
You hit the two-headed ogre. You burn the two-headed ogre.
The two-headed ogre is severely wounded.
The two-headed ogre misses you.
The two-headed ogre hits you with a +0 giant club!!
You are too injured to fight recklessly!
You are too injured to fight recklessly!
Unknown command.
Unknown command.
You hit the two-headed ogre but do no damage.
The two-headed ogre is severely wounded.
Joseph unwields a +1 quarterstaff of pain.
Joseph wields a +0 sling.
Joseph shoots a sling bullet.
The sling bullet closely misses you.
You hit the two-headed ogre. You burn the two-headed ogre.
The two-headed ogre is severely wounded.
The two-headed ogre barely misses you. The two-headed ogre closely misses you.
You puncture the two-headed ogre! You burn the two-headed ogre.
You kill the two-headed ogre!
Joseph shoots a sling bullet.
The sling bullet hits you!
* * * LOW HITPOINT WARNING * * *
Your Polearms skill increases to level 11!
Found a potion of haste.
Joseph unwields a +0 sling.
Joseph wields a +1 quarterstaff of pain.
Joseph hits you with a +1 quarterstaff of pain!
* * * LOW HITPOINT WARNING * * *
Things that are here:
a +0 giant club; a +0 giant club; a two-headed ogre corpse You puncture Joseph!
You burn Joseph.
Joseph is lightly wounded.
Joseph misses you.
You barely miss Joseph.
Joseph is lightly wounded.
You puncture Joseph! You burn Joseph. You headbutt Joseph!
Joseph is heavily wounded.
Joseph hits you with a +1 quarterstaff of pain!!
You die...

## .. .# .# .#
##.###
###@@..#..
#..†.......
#####)###<.....
#.....# .#...#
#.###.###.# ...
###)....# .. #
#..).##.... !
#.#.##.# ≈≈
#.#.##.#


You could see Joseph.

Vanquished Creatures
  A two-headed ogre (D:8)
  A steam dragon (D:6)
  An orc warrior (D:6)
  2 black bears
  An ice beast (D:5)
  An ogre (D:5)
  A centaur (D:5)
  2 kobold brigands
  2 phantoms
  A bullfrog (D:8)
  2 scorpions (D:5)
  7 wights
  A howler monkey (D:5)
  3 jellies
  5 orc priests
  6 hounds
  2 iguanas (D:5)
  7 orc wizards
  A sleepcap (D:5)
  5 gnolls
  11 adders
  2 shadow imps
  A white imp (D:6)
  3 ufetubi
  2 worms
  5 dart slugs
  28 orcs
  7 bats
  7 endoplasms
  3 giant cockroaches
  5 goblins
  14 hobgoblins
  4 jackals (D:1)
  6 quokkas
  8 ball pythons
  2 frilled lizards
  13 kobolds
  7 rats
180 creatures vanquished.

Vanquished Creatures (others)
  A phantom (D:6)
1 creature vanquished.

Grand Total: 181 creatures vanquished

Notes
Turn   | Place    | Note
-------+----------+-------------------------------------------
     0 | D:1      | HagarQim the Minotaur Monk began the quest for the Orb.
     0 | D:1      | Reached XP level 1. HP: 19/19 MP: 0/0
   151 | D:1      | Reached XP level 2. HP: 27/27 MP: 1/1
   311 | D:1      | Reached skill level 4 in Polearms
   455 | D:1      | Reached XP level 3. HP: 33/33 MP: 2/2
   911 | D:2      | Reached XP level 4. HP: 41/41 MP: 3/3
  1111 | D:2      | Identified the +0 leather armour of Devotion {rC+ Dex+5}
  1422 | D:3      | Reached skill level 5 in Polearms
  1517 | D:3      | Found a sparkling altar of Nemelex Xobeh.
  1518 | D:3      | Found a stormy altar of Qazlal.
  1625 | D:3      | Reached XP level 5. HP: 46/47 MP: 4/4
  1638 | D:3      | Noticed a black bear
  1645 | D:3      | Killed a black bear
  1646 | D:3      | Reached skill level 6 in Polearms
  1646 | D:3      | Reached skill level 1 in Armour
  2222 | D:4      | Found a glowing golden altar of the Shining One.
  2372 | D:4      | Reached skill level 5 in Fighting
  2397 | D:4      | Reached XP level 6. HP: 56/56 MP: 5/5
  2790 | D:4      | Reached skill level 7 in Polearms
  2799 | D:4      | Found a shimmering altar of Xom.
  2800 | D:4      | Found a shimmering altar of Xom.
  2800 | D:4      | Found a shimmering altar of Xom.
  2880 | D:4      | Found a staircase to the Ecumenical Temple.
  2892 | Temple   | Entered the Ecumenical Temple
  3058 | D:4      | Found a shimmering altar of Xom.
  3246 | D:5      | Entered Level 5 of the Dungeon
  3314 | D:5      | Reached XP level 7. HP: 55/61 MP: 6/6
  3500 | D:5      | Reached skill level 5 in Dodging
  3530 | D:5      | Reached skill level 8 in Polearms
  3596 | D:5      | Reached XP level 8. HP: 46/71 MP: 7/7
  3812 | D:5      | Reached skill level 9 in Polearms
  4647 | D:6      | Reached skill level 10 in Polearms
  4656 | D:6      | Reached XP level 9. HP: 29/77 MP: 8/8
  5945 | D:7      | Reached skill level 1 in Stealth
  6044 | D:7      | You fall into a shaft and drop 1 floor!
  6066 | D:8      | Noticed a two-headed ogre
  6070 | D:8      | Noticed Joseph
  6076 | D:8      | Killed a two-headed ogre
  6077 | D:8      | Reached skill level 11 in Polearms
  6080 | D:8      | Demolished by Joseph

Illustrated notes

Levels and vault maps discovered:
D:1:      moated_graveyard_arrival, layout_basic, roderic_lattice_a
D:2:      layout_rooms, grunt_ministairs_7
D:3:      layout_basic, nicolae_overflow_squiral, dk_vineyard_1
D:4:      layout_basic, xom_redecorated, tso_oasis_becter,
          minmay_temple_entry_enclosed_plants, minivault_14,
          chequers_serial_rivers_micro_b
D:5:      layout_loops_ring, hangedman_abyss_or_decor_stabs, nzn_random_ring
D:6:      layout_layer_cave, minmay_misc_feat_x, patterned_corridor
D:7:      layout_basic, mainiacjoe_overflow_boulevard,
          nicolae_ru_sacrificial_ziggurat, nicolae_elyvilon_temple_path,
          st_stairs_7
D:8:      cheibrodos_frozen_isle, layout_loops_cross,
          pdpol_wu_jian_five_deadly_venoms, ebering_ghost_gozag, serial_shops,
          nicolae_inconvenience_store, uniq_amaemon, uniq_joseph
Temple:   nicolae_temple_ecumenical_triangle

Skill      XL: |  1  2  3  4  5  6  7  8  9 |
---------------+----------------------------+-----
Polearms       | 4 5 6 7 8 10 11 | 11.3
Fighting       | 4 5 6 8 9 |  9.5
Dodging        | 4 5 6 |  6.7
Armour         | 1 2 3 4 |  4.8
Stealth        | 1 |  1.5

Action                     |  1- 3 |  4- 6 |  7- 9 || total
---------------------------+-------+-------+-------++-------
  Melee: Spear             |    21 |       |       ||    21
         Headbutt          |     7 |    17 |    44 ||    68
         Trident           |    50 |   126 |   213 ||   389
    Use: Scroll            |       |     7 |     9 ||    16
         Potion            |       |       |     1 ||     1
 Armour: Robe              |     5 |       |       ||     5
         Ring mail         |    10 |     1 |       ||    11
         Leather armour    |       |     7 |    15 ||    22
  Dodge: Dodged            |    32 |    71 |    93 ||   196
